Map: Catalyst LE

Players

PhoenixTears

  • Race: Terran Terran
  • League: Diamond
  • Spawn Location: 11:00

TerranLord - Winner!

  • Race: Terran Terran
  • League: Diamond
  • Spawn Location: 5:00

VOD

Have the link to the VOD?

Description

Time

  • Played on: Dec. 5, 2017, 6:13 a.m.
  • Length: 12:17
Show
View Real Time Build Order
Export as new Build Order

PhoenixTears Terran 

Build Orders: Bio Tank 

Get SALT Encoding   

  12  0:01  SCV  
  14  0:14  SCV  
  14  0:18  Supply Depot  
  14  0:27  SCV  
  15  0:39  Refinery, SCV  
  16  0:45  Barracks  
  16  0:52  SCV  
  17  1:04  SCV  
  18  1:12  Refinery  
  18  1:16  SCV  
  19  1:29  SCV  
  20  1:33  Reaper  
  21  1:42  Orbital Command  
  21  1:54  Factory  
  21  2:03  Supply Depot  
  21  2:10  Reaper, SCV  
  23  2:24  SCV  
  24  2:38  SCV  
  25  2:46  Starport  
  25  2:47  Hellion  
  25  2:48  Reaper  
  27  2:51  SCV  
  28  3:01  Supply Depot  
  28  3:05  Command Center  
  28  3:13  SCV  
  29  3:23  Barracks Reactor  
  29  3:24  Starport Tech Lab  
  29  3:29  Factory Tech Lab  
  29  3:32  SCV  
  30  3:45  SCV  
  30  3:48  Raven  
  33  3:49  Siege Tank  
  36  4:04  SCV  
  36  4:05  Marine x2  
  39  4:10  Barracks  
  39  4:11  Supply Depot  
  39  4:17  Orbital Command  
  39  4:29  Siege Tank, SCV  
  39  4:30  Marine x2  
  43  4:38  Starport Reactor  
  43  4:49  SCV  
  41  4:52  Marine  
  41  4:53  Marine  
  41  4:55  Orbital Command  
  43  5:05  SCV  
  44  5:09  Engineering Bay, Siege Tank  
  44  5:10  Marine, Starport Reactor, Stimpack  
  44  5:13  Marine x2  
  50  5:22  SCV  
  50  5:23  SCV  
  52  5:31  Marine  
  53  5:36  SCV x2  
  53  5:38  Marine x2  
  53  5:40  Terran Infantry Weapons Level 1  
  57  5:48  Viking  
  59  5:53  Viking, Refinery, Marine  
  62  5:58  Refinery  
  62  6:05  Supply Depot  
  62  6:21  Supply Depot  
  62  6:26  Marine x3  
  62  6:27  Viking x2, SCV  
  62  6:28  SCV  
  69  6:44  SCV x2  
  71  6:48  Marine  
  71  6:49  Siege Tank, Marine x2  
  77  6:55  Engineering Bay  
  77  6:57  SCV x2  
  77  6:59  Medivac  
  77  7:00  Medivac  
  83  7:11  SCV x2, Armory  
  83  7:14  Marine  
  86  7:20  Supply Depot  
  86  7:23  Terran Infantry Armor Level 1  
  86  7:24  Supply Depot  
  86  7:40  Marine x3, SCV x2  
  91  7:48  Siege Tank  
  91  7:49  Viking  
  96  7:57  Marine  
  96  7:58  Marine x2  
  96  8:00  SCV x2  
  96  8:03  Supply Depot  
  94  8:34  Marine x3  
  94  8:35  Siege Tank, Medivac  
  94  8:36  Medivac  
  96  8:42  SCV x2  
  98  8:49  Starport  
  98  8:52  Barracks  
  98  8:54  SCV  
  99  8:55  Barracks, Command Center  
  99  9:09  SCV x2, Marine x3  
  98  9:10  Siege Tank  
  98  9:15  Medivac x2  
  105  9:28  SCV x2  
  105  9:31  Terran Infantry Armor Level 2, Terran Infantry Weapons Level 2  
  103  9:40  SCV  
  103  9:41  SCV  
  101  9:48  Siege Tank  
  101  9:50  Barracks Tech Lab, Starport Tech Lab  
  101  9:51  Combat Shields, Barracks Reactor  
  104  9:53  SCV  
  102  10:04  Marine x3  
  105  10:10  Orbital Command  
  105  10:13  SCV x2  
  107  10:19  Refinery  
  107  10:20  Marine  
  108  10:21  Siege Tank, Marine  
  108  10:22  Refinery, Medivac  
  108  10:27  Raven  
  108  10:28  Marine x3  
  116  10:32  SCV x2  
  122  10:42  SCV  
  122  10:44  Marine x3, SCV  
  126  10:50  SCV  
  126  10:53  Marine x2  
  126  10:54  Marine  
  126  10:55  SCV  
  131  11:09  SCV  
  131  11:10  SCV  
  133  11:15  Siege Tank, Marine x3  
  133  11:16  Factory  
  133  11:20  Supply Depot  
  133  11:21  Supply Depot  
  114  11:28  Marine x2  
  114  11:30  Viking x2  
  99  11:52  Marine x4  
  92  11:56  Marine x2  
Show
View Real Time Build Order
Export as new Build Order

TerranLord Terran - Winner!

Build Orders: Cyclone Opening 

Get SALT Encoding   

  12  0:01  SCV  
  13  0:13  SCV  
  14  0:17  Supply Depot  
  14  0:25  SCV  
  15  0:28  Refinery  
  15  0:39  SCV  
  16  0:46  Barracks  
  16  0:51  SCV  
  17  0:57  Refinery  
  17  1:03  SCV  
  18  1:15  SCV  
  19  1:33  Orbital Command  
  19  1:34  Reaper  
  20  1:41  Factory  
  20  1:52  Supply Depot  
  20  1:59  SCV  
  21  2:06  Reaper  
  22  2:11  SCV  
  23  2:23  SCV  
  23  2:24  Cyclone  
  27  2:30  Starport  
  27  2:37  Supply Depot  
  27  2:48  SCV  
  28  2:52  Barracks Reactor  
  28  2:57  Factory Tech Lab  
  28  3:00  SCV  
  28  3:03  Supply Depot  
  29  3:10  Starport Tech Lab  
  29  3:24  Command Center  
  29  3:26  SCV  
  30  3:32  Raven  
  32  3:35  Factory Tech Lab  
  32  3:39  Marine  
  33  3:41  Marine  
  33  3:47  SCV  
  35  3:51  Supply Depot  
  35  4:04  Marine x2  
  37  4:12  SCV  
  38  4:17  Engineering Bay  
  38  4:19  Siege Tank  
  41  4:29  Starport Reactor  
  41  4:38  Orbital Command  
  41  4:40  Barracks  
  39  4:50  Marine  
  39  4:51  Marine  
  40  5:01  Missile Turret  
  40  5:03  Terran Infantry Weapons Level 1  
  40  5:05  Siege Tank  
  43  5:08  Marine, Orbital Command  
  44  5:18  Viking  
  44  5:20  Viking  
  48  5:29  Missile Turret  
  48  5:34  SCV  
  48  5:35  SCV  
  50  5:38  Marine  
  51  5:46  Stimpack  
  52  5:50  SCV x2  
  52  5:55  Viking  
  55  5:59  Viking  
  55  6:00  Marine  
  55  6:03  Marine  
  59  6:05  SCV  
  59  6:06  SCV  
  61  6:20  Marine x2  
  61  6:21  Marine  
  64  6:27  SCV x2  
  64  6:30  Siege Tank  
  69  6:36  Supply Depot  
  69  6:38  Marine  
  70  6:40  Viking  
  70  6:41  Marine  
  70  6:53  Command Center  
  70  6:56  Refinery  
  70  6:57  Marine, SCV x2  
  70  7:00  Terran Infantry Armor Level 1, Supply Depot  
  73  7:08  Marine x2  
  73  7:11  SCV x2  
  73  7:15  Marine  
  78  7:21  Medivac x2  
  82  7:26  Supply Depot  
  82  7:27  SCV, Supply Depot  
  82  7:28  SCV  
  84  7:34  Marine x2  
  86  7:42  Barracks  
  86  7:43  Barracks  
  86  7:47  Siege Tank, Marine  
  86  7:48  SCV  
  86  7:49  Refinery  
  91  7:54  Supply Depot  
  91  8:00  Engineering Bay  
  91  8:02  Marine  
  91  8:04  Armory  
  92  8:07  Orbital Command  
  92  8:17  Marine x2  
  92  8:19  Marine  
  83  8:35  Marine  
  83  8:36  Marine  
  83  8:37  Marine  
  83  8:38  Viking, Siege Tank  
  89  8:48  Barracks Reactor  
  88  8:49  Barracks Reactor  
  87  8:56  Marine x3  
  90  9:13  Supply Depot  
  90  9:14  Marine x3  
  90  9:17  Viking, Siege Tank  
  96  9:18  Viking  
  96  9:21  Terran Vehicle Weapons Level 1  
  96  9:22  Barracks  
  100  9:31  Refinery, Marine x3  
  100  9:32  Marine x2  
  105  9:43  Marine  
  105  9:44  Marine  
  107  9:48  Terran Infantry Weapons Level 2  
  107  9:49  Barracks, Marine  
  108  9:56  Marine x3  
  111  10:12  Marine x3  
  111  10:13  Marine  
  116  10:17  Barracks Reactor  
  116  10:19  Siege Tank  
  116  10:20  Barracks  
  118  10:21  Medivac x2  
  122  10:31  Orbital Command  
  122  10:38  Barracks Reactor  
  122  10:39  Marine x2  
  122  10:40  Supply Depot  
  124  10:48  SCV x2  
  126  10:51  Marine x3  
  129  11:05  Supply Depot  
  129  11:06  Marine x2  
  129  11:07  Marine x3  
  130  11:23  Marine x2  
  125  11:33  Marine x5  
  125  11:35  Marine x3  
  123  11:42  Marine x2  
  123  11:44  Marine x2  
  123  11:45  Medivac x2  
  131  11:51  Marine  
  131  12:03  Barracks Reactor  
Tags
 
Composition
Bio Tank
Matchup
TvT
Race
Terran
Spawn Locations
Cross Positions
Add a new tag
Caveats
  • Supply blocks, unpowered buildings, or Contaminate may cause inaccurate times.
  • Supply counts are checked every 10 seconds.